 Dungeon Crawl Stone Soup version 0.28-a0-577-gb193047a1f (webtiles) character file.

Game seed: 6674315592546341995

105 iamoutofideas the Chopper (level 4, 0/40 HPs)
             Began as a Hill Orc Fighter on Oct 2, 2021.
             Slain by an orc wizard (3 damage)
             ... on level 3 of the Dungeon.
             The game lasted 00:02:30 (2371 turns).

iamoutofideas the Chopper (Hill Orc Fighter)        Turns: 2371, Time: 00:02:31

Health: 0/40       AC:  8    Str: 19    XL:     4   Next: 83%
Magic:  4/4        EV: 10    Int:  8    God:
Gold:   74         SH:  4    Dex: 10    Spells: 3/3 levels left

rFire   . . .      SeeInvis .   a - +0 war axe
rCold   . . .      Faith    .   c - +0 buckler
rNeg    . . .      Spirit   .   b - +0 scale mail
rPois   .          Reflect  .   e - +0 helmet
rElec   .          Harm     .   (no cloak)
rCorr   .          Rampage  .   (no gloves)
Will    .....                   (no boots)
Stlth   ..........              (no amulet)
HPRegen 0.13/turn               (no ring)
MPRegen 0.09/turn               (no ring)

@: no status effects
A: no striking features
a: no special abilities


You were on level 3 of the Dungeon.
You visited 1 branch of the dungeon, and saw 3 of its levels.

You collected 74 gold pieces.

Inventory:

Hand Weapons
 a - a +0 war axe (weapon)
Armour
 b - a +0 scale mail (worn)
 c - a +0 buckler (worn)
 e - a +0 helmet (worn)
Jewellery
 o - a ring of ice
Wands
 i - a wand of iceblast (8)
 l - a wand of flame (18)
Scrolls
 h - 2 scrolls of identify {unknown}
 j - a scroll of fear {unknown}
 m - a scroll of amnesia {unknown}
 p - a scroll of enchant weapon {unknown}
 q - a scroll of enchant armour {unknown}
Potions
 d - a potion of might
 g - 2 potions of magic
 n - a potion of flight {unknown}


   Skills:
 - Level 4.0 Fighting
 - Level 4.1 Axes
 - Level 3.7 Armour
 - Level 1.7 Dodging
 + Level 3.8 Shields


You had 3 spell levels left.
You didn't know any spells.
Your spell library contained the following spells:

 Spells                   Type           Power      Damage    Failure   Level
 Magic Dart               Conj           0%         1d3       78%         1
 Call Imp                 Summ           0%         N/A       89%         2
 Mephitic Cloud           Conj/Pois/Air  0%         N/A       98%         3


Dungeon Overview and Level Annotations

Branches:
Dungeon (3/15)

Altars:


Message History

You are confused.
You bump into the rock wall.
You hear some strange, mumbled words.
A magic dart appears from out of thin air!
The magic dart hits you. Something hits you but does no damage.
Something hits you but does no damage.
Things that are here:
a +0 club; a +0 chain mail Something hits you but does no damage.
You feel less confused. Something hits you but does no damage.
Something hits you.
Things that are here:
a +0 club; a +0 chain mail You hear some strange, mumbled words.
Something tries to affect you, but you resist.
You swing at nothing.
You hear some strange, mumbled words.
Something tries to affect you, but you resist.
You swing at nothing.
A magic dart appears from out of thin air!
The magic dart hits you!
* * * LOW HITPOINT WARNING * * *
You hit something. Something hits you but does no damage.
You miss something. Something hits you.
* * * LOW HITPOINT WARNING * * *
It was a potion of haste.
You feel yourself speed up. Something hits you but does no damage.
It was a potion of cancellation.
Your magical effects are unravelling.
You feel magically purged.
You feel yourself slow down. Something hits you but does no damage.
You barely miss something. Something hits you but does no damage.
You hit something but do no damage.
You hear some strange, mumbled words.
Something tries to affect you, but you resist.
Something hits you.
You die...

#........###..######
##.......###.## ##
#......###...# #..
####.......##.#.###..#
####....).....#..#.....#
#....##)..............##
#.######.......#.......##
#.# #.###.#######.....
#.# #@# #..... #..#.. #.#
#....######.###..<#. #.#
#....# #.#...#.#. #.#
#....# #.#.###)# #.#
#....######.#.# #.# #.#
#.........#.#.###.# #.#
#....# #.........## #.#
###### ##.........#
##.########## #..........


There were no monsters in sight!

Vanquished Creatures
  Terence (D:3)
  2 worms
  3 dart slugs
  4 orcs
  7 ball pythons
  6 endoplasms
  5 giant cockroaches
  3 hobgoblins
  4 jackals (D:2)
  6 quokkas
  2 bats
  A frilled lizard (D:1)
  4 goblins
  5 kobolds
  3 rats (D:1)
56 creatures vanquished.

Notes
Turn   | Place    | Note
-------+----------+-------------------------------------------
     0 | D:1      | iamoutofideas the Hill Orc Fighter began the quest for the
                  | Orb.
     0 | D:1      | Reached XP level 1. HP: 19/19 MP: 1/1
    57 | D:1      | Reached XP level 2. HP: 27/27 MP: 2/2
   441 | D:1      | Reached XP level 3. HP: 33/33 MP: 3/3
  1056 | D:2      | Reached skill level 1 in Dodging
  1130 | D:2      | Reached XP level 4. HP: 40/40 MP: 4/4
  1169 | D:2      | Found a faded altar of an unknown god.
  1458 | D:3      | HP: 1/40 [poisoned by a goblin]
  1826 | D:3      | Noticed Terence
  1842 | D:3      | Killed Terence
  2367 | D:3      | HP: 2/40 [something (1)]
  2371 | D:3      | Slain by an orc wizard

Illustrated notes

Levels and vault maps discovered:
D:1:      lemuel_arrival_broad_hall, layout_rooms
D:2:      layout_basic, hellmonk_ecumenical_altar_inner_sanctum
D:3:      layout_rooms, uniq_terence

Skill      XL: |  1  2  3  4 |
---------------+-------------+-----
Axes           | 3 4 |  4.1
Dodging        | 1 |  1.7
Fighting       | 4 |  4.0
Armour         | |  3.7
Shields        | |  3.8

Action                   |  1- 3 |  4- 6 || total
-------------------------+-------+-------++-------
Melee: War axe           |   101 |    84 ||   185
Evoke: Wand              |       |     1 ||     1
  Use: Potion            |       |     5 ||     5
Armor: Scale mail        |    47 |    46 ||    93
Dodge: Dodged            |    53 |    38 ||    91
Block: Buckler           |    25 |    16 ||    41

Table legend: (Time is in decaauts)
 A = Elapsed time spent in this place.
 B = Non-inter-level travel time spent in this place.
 C = Inter-level travel time spent in this place.
 D = Time resting spent in this place.
 E = Time spent auto-exploring this place.
 F = Levels seen in this place.
 G = Mean time per level.
                   A        B        C        D        E       F      G
               +--------+--------+--------+--------+--------+-----+--------+
         Total |   2432 |   2375 |     57 |    160 |   1750 |   3 |  810.7 |
       Dungeon |   2432 |   2375 |     57 |    160 |   1750 |   3 |  810.7 |
               +--------+--------+--------+--------+--------+-----+--------+

Top non-repeatable levels by time:
     D:3: 975 daAuts
     D:2: 879 daAuts
     D:1: 578 daAuts
